 Dungeon Crawl Stone Soup version 0.26-a0-971-g1d9d62bb61 (webtiles) character file.

Game seed: 9323283308253221490

118 streetpizza the Conjurer (level 4, -2/35 HPs)
             Began as a Draconian Conjurer on Dec 4, 2020.
             Killed by nerve-wracking pain
             ... invoked by an orc priest
              (14 damage)
             ... on level 4 of the Dungeon.
             The game lasted 00:07:33 (1969 turns).

streetpizza the Conjurer (Draconian Conjurer)       Turns: 1969, Time: 00:07:34

Health: -2/35      AC:  5    Str: 10    XL:     4   Next: 72%
Magic:  1/8        EV: 12    Int: 19    God:
Gold:   96         SH:  0    Dex:  9    Spells: 5/8 levels left

rFire    . . .     SeeInvis .   f - +0 trident
rCold    . . .     Faith    .   (no shield)
rNeg     . . .     Spirit   .   (armour unavailable)
rPois    .         Reflect  .   (helmet restricted)
rElec    .         Harm     .   (no cloak)
rCorr    .         Rampage  .   (no gloves)
MR       .....                  (no boots)
Stlth    ++........             (no amulet)
HPRegen  0.11/turn              (no ring)
MPRegen  0.11/turn              (no ring)

@: no status effects
A: unfitting armour, cold-blooded, AC +5
a: no special abilities


You were on level 4 of the Dungeon.
You visited 1 branch of the dungeon, and saw 4 of its levels.

You collected 96 gold pieces.

Inventory:

Hand Weapons
 f - a +0 trident (weapon)
Missiles
 g - 5 javelins
Scrolls
 a - a scroll of amnesia {unknown}
 d - 2 scrolls of identify {unknown}
 e - 2 scrolls of noise {unknown}
 i - a scroll of immolation {unknown}
 j - a scroll of blinking {unknown}
Potions
 b - a potion of haste {unknown}
 c - a potion of ambrosia {unknown}
 h - 2 potions of might {unknown}


   Skills:
 + Level 1.3 Fighting
 + Level 2.5 Dodging
 - Level 1.7 Stealth
 + Level 2.7 Spellcasting
 * Level 5.0 Conjurations


You had 5 spell levels left.
You knew the following spells:

 Your Spells              Type           Power        Failure   Level
a - Magic Dart            Conj           ###.         1%          1
b - Searing Ray           Conj           ###...       3%          2

Your spell library contained the following spells:

 Spells                   Type           Power        Failure   Level
 Dazzling Flash           Conj/Hex       ##....       17%         3
 Fulminant Prism          Conj/Hex       ##........   50%         4
 Iskenderun's Mystic Bla  Conj/Tloc      ##......     50%         4


Dungeon Overview and Level Annotations

Branches:
Dungeon (4/15)
 Temple: D:4-7

Altars:


Innate Abilities, Weirdness & Mutations

Your plain brown scales are hard. (AC +5)
You cannot fit into any form of body armour.
You are cold-blooded and may be slowed by cold attacks.


Message History

The orc priest mumbles some strange prayers to Beogh against you.
Pain shoots through your body! The orc hits you but does no damage.
An orc priest comes into view.
Unknown command.
A bat comes into view.
The orc hits you but does no damage.
The orc priest invokes the aid of Beogh against you.
Beogh smites you!
There is a stone staircase leading down here.
You can't go up here!
The bat hits you but does no damage.
The orc priest calls upon Beogh to heal something.
You climb downwards.
Found an escape hatch in the floor.
There is a stone staircase leading up here.
You hit the orc priest but do no damage.
The orc priest is heavily wounded.
The orc priest invokes the aid of Beogh against you.
Pain shoots through your body!
You die...

#..#.####
.....>o@#
###...#.#
#... ..#
.... .#.#
### .##.#
#. ... .
### #


You could see an orc priest.

Vanquished Creatures
  An orc priest (D:3)
  Terence (D:2)
  A gnoll (D:1)
  An ooze (D:2)
  A worm (D:2)
  2 leopard geckos
  A ball python (D:2)
  2 giant cockroaches
  3 goblins
  7 hobgoblins
  4 jackals (D:3)
  4 kobolds
  A quokka (D:3)
  7 bats
  3 frilled lizards
  5 rats
44 creatures vanquished.

Notes
Turn   | Place    | Note
-------+----------+-------------------------------------------
     0 | D:1      | streetpizza the Draconian Conjurer began the quest for the
                  | Orb.
     0 | D:1      | Reached XP level 1. HP: 14/14 MP: 3/3
   182 | D:1      | Reached XP level 2. HP: 20/20 MP: 1/5
   185 | D:1      | Learned a level 2 spell: Searing Ray
   860 | D:2      | Reached XP level 3. HP: 26/26 MP: 3/6
  1409 | D:2      | Noticed Terence
  1566 | D:2      | Killed Terence
  1567 | D:2      | Reached XP level 4. HP: 31/34 MP: 1/7
  1663 | D:2      | Reached skill level 1 in Fighting
  1962 | D:3      | Reached skill level 5 in Conjurations
  1969 | D:4      | Killed from afar by an orc priest

Illustrated notes

Levels and vault maps discovered:
D:1:      lightli_arrival_flooded_house, layout_rooms
D:2:      layout_loops_ring, uniq_terence
D:3:      layout_basic, nicolae_overflow_hidden_temple,
          lightli_sewer_entry_pipes, uniq_crazy_yiuf_cottage
D:4:      cheibrodos_old_hovel, layout_loops_corners

Skill      XL: |  1  2  3  4 |
---------------+-------------+-----
Dodging        | 2 |  2.5
Fighting       | 1 |  1.3
Conjurations   | 5 |  5.0
Stealth        | |  1.7
Spellcasting   | |  2.7

Action                   |  1- 3 |  4- 6 || total
-------------------------+-------+-------++-------
Melee: Unarmed           |     8 |       ||     8
       Trident           |    36 |    12 ||    48
       Tailslap          |     4 |     1 ||     5
 Cast: Magic Dart        |    33 |       ||    33
       Searing Ray       |     6 |     4 ||    10
 Stab: Sleeping          |     3 |       ||     3
Armor: Skin              |    17 |    13 ||    30
Dodge: Dodged            |    35 |    17 ||    52

Table legend: (Time is in decaauts)
 A = Elapsed time spent in this place.
 B = Non-inter-level travel time spent in this place.
 C = Inter-level travel time spent in this place.
 D = Time resting spent in this place.
 E = Time spent auto-exploring this place.
 F = Levels seen in this place.
 G = Mean time per level.
                   A        B        C        D        E       F      G
               +--------+--------+--------+--------+--------+-----+--------+
         Total |   1982 |   1944 |     38 |    102 |   1524 |   4 |  495.5 |
       Dungeon |   1982 |   1944 |     38 |    102 |   1524 |   4 |  495.5 |
               +--------+--------+--------+--------+--------+-----+--------+

Top non-repeatable levels by time:
     D:1: 961 daAuts
     D:2: 890 daAuts
     D:3: 130 daAuts
     D:4: 0 daAuts
